 Dungeon Crawl Stone Soup version 0.20.0-15-g7f486f2 (webtiles) character file.

92 sagitran the Covered (level 4, -1/32 HPs)
             Began as a Demonspawn Wanderer on June 10, 2017.
             Slain by Grinder (4 damage)
             ... on level 3 of the Dungeon.
             The game lasted 00:27:04 (1758 turns).

sagitran the Covered (Demonspawn Wanderer)          Turns: 1758, Time: 00:27:05

Health: -1/32      AC:  7    Str: 12    XL:     4   Next: 35%
Magic:  4/4        EV: 10    Int: 14    God:
Gold:   118        SH:  0    Dex: 13    Spells: 3/3 levels left

rFire    . . .     SeeInvis .   f - +0 dagger (speed)
rCold    . . .     Gourm    .   (no shield)
rNeg     . . .     Faith    .   c - +0 ring mail
rPois    .         Spirit   .   (helmet restricted)
rElec    .         Reflect  .   (no cloak)
rCorr    .         Harm     .   (no gloves)
MR       .....                  i - +1 pair of boots
Stlth    +.........             (no amulet)
Regen    0.1/turn               (no ring)
MPRegen  0.1/turn               (no ring)

@: about to teleport
A: horns 2
a: no special abilities


You were on level 3 of the Dungeon.
You were not hungry.

You visited 1 branch of the dungeon, and saw 3 of its levels.

You collected 118 gold pieces.

Inventory:

Hand Weapons
 a - a +2 hand crossbow
 f - a +0 dagger of speed (weapon)
Missiles
 b - 13 bolts
Armour
 c - a +0 ring mail (worn)
 i - a +1 pair of boots (worn)
Wands
 d - a wand of random effects (14/48)
Potions
 h - a potion of resistance {unknown}
 l - a potion of curing {unknown}
Comestibles
 g - a royal jelly
 j - 3 fruits
 k - a meat ration
 m - a bread ration


   Skills:
 + Level 1.6 Fighting
 + Level 1.0 Short Blades
 + Level 2.0 Crossbows
 + Level 3.5 Armour
 + Level 1.0 Dodging
 + Level 1.2 Stealth
   Level 1.7 Charms
   Level 1.0 Poison Magic
 + Level 1.0 Evocations


You had 3 spell levels left.
You didn't know any spells.

Dungeon Overview and Level Annotations

Branches:
Dungeon (3/15)

Altars:

Annotations:
D:3 Grinder


Innate Abilities, Weirdness & Mutations

You have a pair of horns on your head.


Message History

Grinder gestures at you. You resist with significant effort.
You hit Grinder but do no damage.
Grinder is moderately wounded.
Grinder gestures at you. Pain shoots through your body!
You hit Grinder.
Grinder is moderately wounded.
You barely miss Grinder.
Grinder is moderately wounded.
Grinder hits you.
* * * LOW HITPOINT WARNING * * *
You writhe in agony.
* * * LOW HITPOINT WARNING * * *
As you read the scroll labeled PAIMEIP IMNU, it crumbles to dust.
You feel strangely unstable.
It was a scroll of teleportation.
Grinder hits you.
* * * LOW HITPOINT WARNING * * *
You writhe in agony.
You die...

.... #### ..... #..
..... #########.###.....
................
..............#
....?.........# #
.......5......#.## .##
.......@...>.........
.....................
...........†..#.###.#
..............# # #.#
..............#####.#
....................####
..............#.........
........................
########+#+#.#.........


You could see Grinder.

Vanquished Creatures
  3 adders
  3 worms (D:2)
  A leopard gecko (D:1)
  2 orcs (D:3)
  2 giant cockroaches
  6 goblins
  3 hobgoblins (D:1)
  6 jackals
  A ball python (D:1)
  5 bats
  5 frilled lizards
  8 kobolds
  13 rats
58 creatures vanquished.

Notes
Turn   | Place    | Note
-------+----------+-------------------------------------------
     0 | D:1      | sagitran the Demonspawn Wanderer began the quest for the Orb.
     0 | D:1      | sagitran set off with: a +2 hand crossbow, 22 bolts, a +0 ring mail, a wand of random effects (15/48), a bread ration
     0 | D:1      | Reached XP level 1. HP: 15/15 MP: 1/1
    54 | D:1      | Reached skill level 3 in Armour
   223 | D:1      | Gained mutation: You have a pair of small horns on your head. [demonic ancestry]
   223 | D:1      | Reached XP level 2. HP: 21/21 MP: 2/2
   749 | D:2      | Gained mutation: You have a pair of horns on your head. [demonic ancestry]
   749 | D:2      | Reached XP level 3. HP: 18/26 MP: 3/3
  1457 | D:3      | Reached XP level 4. HP: 32/32 MP: 4/4
  1606 | D:3      | Reached skill level 1 in Short Blades
  1714 | D:3      | Noticed Grinder
  1740 | D:3      | Reached skill level 1 in Dodging
  1758 | D:3      | Slain by Grinder

Skill      XL: |  1  2  3  4 |
---------------+-------------+-----
Armour         | 3 |  3.5
Crossbows      | 2 |  2.0
Short Blades   | 1 |  1.0
Dodging        | 1 |  1.0
Fighting       | |  1.6
Stealth        | |  1.2
Charms         | |  1.7
Poison Magic   | |  1.0
Evocations     | |  1.0

Action                   |  1- 3 |  4- 6 || total
-------------------------+-------+-------++-------
Melee: Short sword       |    75 |     6 ||    81
       Headbutt          |    11 |     5 ||    16
       Dagger            |       |    43 ||    43
 Fire: Hand crossbow     |    38 |    10 ||    48
Evoke: Wand              |     1 |       ||     1
  Use: Scroll            |     4 |     1 ||     5
       Potion            |     1 |       ||     1
 Stab: Sleeping          |     1 |       ||     1
  Eat: Bread ration      |     1 |       ||     1
       Chunk             |     1 |       ||     1
Armor: Ring mail         |    33 |    29 ||    62
Dodge: Dodged            |    51 |    45 ||    96
